AoeStats
← BOT jose

Arabia

509931565Analyzed
1v1 RM · 4d ago on Sep 28, 2026· 56m 49s· 2 players
Game mode
Random Map
Map size
Tiny (2 player)
Population
200
Speed
Normal
Resources
Standard
Victory
Conquest
Starting age
Dark Age
Ending age
Imperial Age
RankedLock teamsTeams togetherTeam positionsShared explorationLock speedFull tech treeHidden civsTurbo modeCheats
Victory
Defeat
🇵🇪 Khitans · Peru
1577
+12
🇵🇪 Celts · Peru
1482
-12
BOT jose
8:52 Feudal Age
8:56 Man-at-Arms
10:07 Horse Collar
10:54 Loom
13:52 Fletching
15:44 Double-Bit Axe
16:16 Padded Archer Armor
21:34 Castle Age
21:26 Scale Mail Armor
21:24 Gold Mining
22:11 Long Swordsman
23:08 Chain Mail Armor
27:45 Forging
27:59 Ballistics
29:09 Wheelbarrow
31:14 Hand Cart
34:19 Imperial Age
33:39 Pikeman
34:56 Heavy Plow
35:31 Plate Mail Armor
36:34 Iron Casting
39:24 Blast Furnace
38:40 Halberdier
39:06 Heavy Scorpion
41:16 Town Watch
44:03 Chemistry
45:29 Siege Engineers
48:09 Capped Ram
53:50 Conscription
53:55 Bodkin Arrow
------
5:59 Loom
6:38 Loom
8:40 Feudal Age
10:08 Double-Bit Axe
14:05 Fletching
14:53 Padded Archer Armor
22:00 Castle Age
20:37 Scale Barding Armor
20:21 Domestication
20:55 Gold Mining
21:34 Forging
22:23 Light Cavalry
23:31 Chain Barding Armor
24:49 Bodkin Arrow
24:20 Crossbowman
26:38 Wheelbarrow
26:17 Husbandry
27:15 Bow Saw
28:37 Iron Casting
29:40 Leather Archer Armor
29:19 Town Watch
37:23 Imperial Age
36:03 Ballistics
36:38 Thumb Ring
37:02 Stone Mining
37:58 Elite Liao Dao
40:44 Scale Mail Armor
41:18 Squires
41:03 Arson
43:14 Chemistry
43:36 Hussar
45:22 Hand Cart
46:00 Town Patrol
46:38 Lamellar Armor
49:33 Siege Engineers
50:52 Bracer
51:08 Chain Mail Armor
50:55 Bracer
51:59 Plate Barding Armor
52:33 Plate Mail Armor
52:30 Masonry
52:29 Bracer
56:38 Murder Holes
Connection lost

Rejoining the realm…

Still unreachable

The connection could not be restored.

Session expired

The server has moved on; the page needs a fresh start.